Map: [TLMC15] Glittering Ashes

Players

LiquidClem (Clem)

  • Race: Terran Terran
  • League: Master

Lambo - Winner!

  • Race: Zerg Zerg
  • League: Grandmaster

Event: StayAtHome Story Cup #4

VOD

Have the link to the VOD?

Description

Time

  • Played on: Oct. 23, 2021, 11:29 a.m.
  • Length: 14:00

All games in this series

Show
View Real Time Build Order
Export as new Build Order

LiquidClem Terran 

Build Orders: Reaper Expand, Hellion Banshee 

Get SALT Encoding   

  12  0:00  SCV  
  13  0:12  SCV  
  14  0:16  Supply Depot  
  14  0:24  SCV  
  15  0:38  SCV  
  15  0:40  Barracks  
  16  0:43  Refinery  
  16  0:50  SCV  
  17  1:02  SCV  
  18  1:14  SCV  
  19  1:26  Reaper  
  19  1:27  Orbital Command  
  20  1:40  Command Center  
  20  1:47  Supply Depot  
  20  1:52  SCV  
  21  1:58  Marine  
  22  2:04  SCV  
  23  2:10  Factory  
  23  2:16  SCV  
  23  2:19  Barracks Reactor  
  24  2:28  SCV  
  25  2:40  SCV  
  25  2:42  Command Center  
  26  2:48  Refinery  
  26  2:52  SCV  
  26  2:55  Orbital Command  
  27  3:04  Starport  
  27  3:06  SCV  
  27  3:11  Hellion  
  30  3:17  Hellion  
  32  3:20  SCV  
  32  3:21  SCV  
  32  3:24  Barracks Tech Lab  
  34  3:32  SCV  
  34  3:33  SCV  
  38  3:34  Hellion  
  38  3:38  Hellion  
  40  3:44  SCV  
  40  3:45  SCV  
  40  3:48  Banshee  
  42  3:50  Cloaking Field  
  42  3:55  Orbital Command  
  45  3:57  SCV  
  45  3:58  SCV  
  45  4:01  Hellion  
  49  4:05  Hellion  
  49  4:09  SCV  
  52  4:10  SCV  
  53  4:17  Barracks Tech Lab  
  53  4:21  SCV  
  53  4:22  SCV x2  
  53  4:25  Hellion  
  53  4:27  Hellion  
  55  4:33  Supply Depot, SCV  
  55  4:34  SCV, Banshee  
  55  4:35  SCV  
  61  4:44  Stimpack  
  61  4:52  Barracks  
  61  4:54  Marine  
  61  4:55  SCV x2, Refinery, Orbital Command, Barracks  
  61  4:57  Supply Depot  
  61  4:58  Factory Reactor  
  64  5:00  Refinery  
  64  5:07  Supply Depot, SCV x2  
  64  5:12  Marine  
  67  5:15  Supply Depot  
  67  5:19  SCV x2  
  67  5:21  SCV  
  70  5:26  Barracks  
  70  5:27  Barracks  
  70  5:29  Engineering Bay  
  70  5:30  Starport Reactor, Engineering Bay  
  70  5:31  SCV  
  70  5:32  Supply Depot  
  70  5:34  Supply Depot  
  70  5:35  SCV  
  72  5:36  SCV  
  72  5:37  Marine  
  74  5:42  Marine x2  
  74  5:45  SCV  
  74  5:48  Supply Depot  
  74  5:49  Marine  
  77  5:50  Marine  
  77  5:52  SCV, Siege Tank  
  77  5:54  Marine  
  77  5:55  SCV  
  85  6:00  Marine  
  85  6:01  SCV  
  87  6:06  Marine  
  87  6:08  Medivac x2  
  87  6:09  Marine  
  87  6:10  SCV  
  94  6:11  SCV  
  94  6:16  Marine  
  84  6:18  Barracks Reactor  
  84  6:19  Barracks Reactor, Marine x2, SCV  
  84  6:21  Terran Infantry Armor Level 1, Terran Infantry Weapons Level 1  
  84  6:22  SCV  
  84  6:23  Combat Shield  
  84  6:25  Siege Tank  
  91  6:26  SCV  
  91  6:29  Supply Depot, Marine x2  
  91  6:31  Supply Depot  
  91  6:32  SCV  
  92  6:34  Marine  
  92  6:35  SCV  
  92  6:38  Refinery, Factory  
  94  6:40  SCV, Marine  
  94  6:42  Marine  
  94  6:44  SCV  
  94  6:47  SCV, Marine  
  98  6:49  Marine  
  98  6:52  SCV, Marine  
  103  6:54  Supply Depot  
  103  6:55  Supply Depot, Marine x4  
  103  6:58  SCV, Marine  
  103  7:00  SCV, Marine  
  113  7:04  SCV, Armory  
  113  7:05  Siege Tank  
  115  7:09  Medivac  
  115  7:10  Marine x3  
  115  7:11  Supply Depot  
  120  7:16  Marine, Medivac  
  120  7:17  Marine  
  120  7:22  Factory Reactor, Command Center  
  124  7:25  Marine  
  124  7:28  Marine  
  124  7:29  Marine x2  
  128  7:30  Supply Depot, Marine x2  
  128  7:31  Supply Depot  
  128  7:32  Marine  
  128  7:34  Marine x2  
  132  7:41  Widow Mine, Supply Depot  
  132  7:43  Marine  
  134  7:44  Medivac  
  134  7:46  Marine  
  134  7:47  Marine x2  
  134  7:48  Marine x2, Medivac  
  134  7:50  Marine  
  144  7:52  Marine x2  
  144  7:57  Supply Depot, Terran Vehicle And Ship Armor Level 1  
  146  7:59  Widow Mine  
  146  8:00  Drilling Claws  
  146  8:01  Widow Mine, Marine  
  146  8:03  Supply Depot  
  146  8:04  Supply Depot  
  151  8:12  Marine x2  
  151  8:14  Medivac  
  151  8:15  Supply Depot, Marine x2  
  151  8:16  Widow Mine, Marine x4  
  151  8:19  Marine  
  164  8:22  Supply Depot  
  163  8:28  Widow Mine  
  163  8:31  Marine x2  
  163  8:33  Widow Mine  
  165  8:37  Medivac  
  165  8:38  Widow Mine, Marine  
  165  8:39  Marine  
  170  8:42  SCV x3, Marine x2  
  170  8:43  Marine  
  170  8:46  Terran Infantry Armor Level 2, Terran Infantry Weapons Level 2  
  176  8:49  Marine  
  176  8:50  Widow Mine  
  176  8:54  Sensor Tower  
  179  8:56  Widow Mine  
  179  9:00  Medivac  
  183  9:03  Widow Mine, Marine x2  
  178  9:12  Medivac  
  178  9:14  Widow Mine  
  178  9:16  Marine  
  179  9:17  Marine  
  179  9:18  Marine  
  179  9:19  Marine  
  179  9:20  Marine  
  182  9:26  Widow Mine  
  182  9:27  Marine x2  
  182  9:29  Medivac  
  176  9:32  Marine x2  
  176  9:35  SCV x3, Barracks  
  176  9:36  Barracks, Planetary Fortress  
  176  9:37  Barracks, Marine  
  181  9:42  Medivac  
  181  9:43  Marine  
  181  9:44  Widow Mine, Marine  
  176  9:46  Marine  
  176  9:47  SCV x2  
  176  9:48  Marine x3  
  176  9:50  Marine  
  176  9:52  Marine  
  179  9:53  Widow Mine x2  
  179  9:55  Marine  
  179  9:57  SCV  
  179  9:59  Medivac  
  185  10:01  Marine  
  185  10:02  Marine  
  185  10:03  Marine  
  185  10:05  Widow Mine, Marine  
  185  10:06  Marine x2  
  193  10:10  Command Center  
  193  10:12  Medivac  
  195  10:14  Widow Mine  
  195  10:15  Marine x3  
  192  10:22  Widow Mine  
  192  10:24  Marine x4  
  192  10:27  Marine x2  
  184  10:29  Medivac  
  184  10:30  Barracks Tech Lab x2  
  184  10:35  SCV  
  186  10:36  Refinery, Marine x2  
  186  10:37  Widow Mine  
  186  10:39  Marine  
  186  10:40  SCV  
  186  10:41  Widow Mine  
  186  10:42  Marine, Medivac  
  196  10:44  Barracks Tech Lab, Marine x3  
  197  10:50  Marine, Ghost Academy  
  197  10:52  Widow Mine  
  200  10:59  Medivac  
  200  11:01  Missile Turret, Marine  
  195  11:10  Marine x2  
  195  11:11  Marauder x4, Marine x2  
  193  11:13  Siege Tank  
  193  11:16  Liberator  
  195  11:31  Command Center  
  195  11:32  Marauder x2  
  199  11:34  Marine  
  199  11:35  Marine, Marauder x2  
  200  11:44  Marine x4  
  200  11:46  Widow Mine x2  
  180  11:48  Liberator  
  180  11:54  Marauder x2  
  172  11:56  Marauder  
  172  11:59  Liberator  
  170  12:02  Marine x2  
  170  12:05  Marine  
  170  12:06  SCV  
  166  12:10  Marine  
  166  12:11  Marine x2  
  166  12:14  Marine x2  
  166  12:15  Marauder x2  
  148  12:20  Marine  
  141  12:23  Marine x2  
  141  12:28  Marine x2  
  141  12:29  Marine  
  135  12:32  Marine x2  
  135  12:36  Marauder  
  135  12:37  Marauder  
  139  12:38  Widow Mine  
  139  12:40  Widow Mine  
  139  12:42  Marine  
  139  12:45  Marine  
  139  12:46  Marine  
  139  12:48  Marine  
  128  12:52  Marine  
  128  12:54  Marine x3  
  128  12:58  Marauder x2  
  134  13:00  Widow Mine, Marine  
  134  13:01  Widow Mine  
  134  13:04  Marine  
  135  13:19  Marauder  
  134  13:21  Widow Mine  
  134  13:23  Widow Mine  
  134  13:25  Marine  
  139  13:27  Barracks Tech Lab  
  139  13:30  Barracks Tech Lab  
  141  13:37  Marine  
  141  13:38  Marine  
  139  13:41  SCV  
  139  13:42  SCV  
Show
View Real Time Build Order
Export as new Build Order

Lambo Zerg - Winner!

Build Orders: Hatch First, Lurkers 

Get SALT Encoding   

  12  0:00  Drone  
  13  0:12  Overlord  
  13  0:16  Drone  
  14  0:31  Drone x2  
  16  0:47  Hatchery  
  15  0:51  Drone  
  15  0:55  Drone  
  17  0:58  Drone  
  18  1:09  Extractor  
  17  1:13  Spawning Pool  
  17  1:16  Drone  
  17  1:20  Drone  
  18  1:29  Drone  
  19  1:38  Drone  
  20  1:49  Drone  
  21  1:59  Queen  
  21  2:00  Queen, Zergling x4  
  27  2:10  Drone  
  27  2:11  Overlord  
  28  2:21  Hatchery  
  27  2:24  Drone  
  28  2:30  Drone  
  28  2:32  Drone x2  
  31  2:42  Queen  
  31  2:43  Metabolic Boost  
  32  2:50  Overlord  
  32  2:55  Drone x2  
  34  2:59  Drone  
  35  3:08  Queen  
  35  3:09  Drone x2  
  35  3:10  Drone  
  35  3:12  Drone  
  41  3:15  Drone x2  
  43  3:26  Overlord  
  43  3:27  Overlord  
  43  3:32  Queen  
  45  3:34  Drone  
  45  3:37  Queen  
  48  3:43  Overlord  
  48  3:44  Drone x3  
  51  3:50  Drone x2  
  51  3:51  Drone  
  51  3:52  Drone  
  51  3:55  Drone x2  
  57  3:59  Overlord  
  57  4:03  Zergling x6  
  60  4:12  Zergling x4  
  60  4:19  Drone x5  
  64  4:30  Drone x3  
  65  4:33  Lair  
  65  4:35  Zergling x4  
  65  4:37  Drone  
  68  4:38  Queen  
  68  4:43  Extractor  
  68  4:44  Drone x2, Baneling Nest  
  70  4:49  Drone x3  
  70  4:51  Drone x2, Overlord  
  70  4:52  Drone  
  76  4:55  Drone x3  
  76  4:57  Overlord  
  76  4:59  Spore Crawler  
  78  5:00  Spore Crawler  
  78  5:01  Spore Crawler, Overlord  
  78  5:03  Drone  
  78  5:05  Queen  
  79  5:07  Drone  
  79  5:09  Drone  
  81  5:15  Drone  
  81  5:20  Extractor  
  81  5:21  Extractor  
  81  5:23  Drone x8, Queen  
  81  5:27  Extractor  
  89  5:31  Zergling x8  
  89  5:34  Overseer  
  89  5:35  Overseer  
  93  5:36  Drone x3  
  93  5:39  Extractor  
  93  5:40  Hatchery  
  94  5:44  Centrifugal Hooks  
  94  5:47  Evolution Chamber  
  94  5:48  Drone x2, Evolution Chamber  
  94  5:54  Drone x5  
  97  6:03  Drone x2  
  97  6:04  Drone  
  97  6:10  Drone x7  
  100  6:19  Drone x5  
  104  6:26  Overlord, Zergling x4  
  104  6:27  Overlord  
  104  6:29  Overlord  
  104  6:31  Overlord  
  106  6:33  Zerg Ground Armor Level 1, Zerg Melee Weapons Level 1  
  106  6:35  Overlord  
  106  6:36  Hydralisk Den  
  106  6:37  Zergling x2  
  106  6:38  Overlord  
  106  6:42  Overlord  
  106  6:44  Overlord  
  106  6:48  Zergling x10  
  106  6:50  Baneling  
  106  6:51  Baneling x6  
  106  6:52  Baneling  
  111  6:56  Zergling x10  
  116  7:01  Spore Crawler  
  116  7:02  Pneumatized Carapace  
  116  7:04  Zergling x14  
  122  7:10  Muscular Augments, Extractor x2, Drone  
  120  7:17  Drone x6  
  120  7:22  Zergling x2  
  126  7:26  Zergling x12  
  126  7:28  Zergling x6  
  135  7:31  Drone x3  
  136  7:40  Drone x4  
  140  7:45  Hydralisk x4  
  140  7:47  Infestation Pit  
  140  7:48  Baneling x6  
  147  7:53  Hydralisk x3  
  147  7:56  Hydralisk  
  147  7:57  Hydralisk x3  
  158  8:04  Hydralisk x3  
  164  8:08  Hydralisk x2  
  168  8:13  Hatchery, Overlord  
  168  8:16  Overlord  
  168  8:17  Overlord x2  
  168  8:19  Baneling x3  
  167  8:24  Overlord  
  167  8:25  Overlord  
  163  8:30  Overlord  
  162  8:35  Zergling x24  
  162  8:40  Zerg Missile Weapons Level 1, Zerg Ground Armor Level 2  
  174  8:41  Grooved Spines  
  174  8:43  Hive  
  174  8:44  Lurker Den  
  174  8:47  Baneling x3  
  171  8:53  Zergling x2  
  171  8:54  Zergling x20  
  182  8:57  Baneling  
  182  8:58  Overseer x2  
  179  9:06  Zergling x16  
  179  9:08  Overlord  
  185  9:14  Zergling x2  
  171  9:18  Zergling x14  
  171  9:22  Baneling x15  
  176  9:25  Hydralisk x4  
  176  9:29  Zergling x8  
  176  9:30  Zergling x4  
  181  9:34  Baneling x9  
  181  9:36  Zergling x4  
  181  9:37  Hydralisk  
  174  9:46  Hydralisk x5  
  174  9:48  Zergling x4  
  182  9:56  Drone x2  
  184  10:00  Seismic Spines, Extractor  
  184  10:01  Extractor  
  184  10:02  Zergling x14  
  184  10:06  Drone x2  
  191  10:09  Baneling  
  191  10:10  Baneling  
  191  10:17  Zergling x26  
  194  10:23  Zergling x14  
  191  10:39  Lurker x8  
  191  10:40  Zergling x2  
  200  10:52  Spore Crawler  
  200  10:55  Zergling x4  
  198  10:57  Adaptive Talons  
  198  10:58  Lurker x2  
  198  11:00  Zergling x2  
  198  11:01  Zergling x4  
  199  11:08  Zergling x2  
  199  11:09  Zergling x20  
  199  11:17  Overseer  
  199  11:34  Overlord  
  199  11:35  Overlord  
  192  11:42  Baneling x6  
  192  11:43  Zergling x8  
  192  11:44  Zergling x22  
  198  11:47  Zergling x4  
  198  11:50  Zergling x8  
  197  11:54  Zergling x2  
  197  11:58  Zergling x2  
  197  11:59  Zergling x16  
  192  12:05  Overseer  
  192  12:07  Hydralisk x6  
  186  12:14  Hydralisk x5  
  191  12:16  Hydralisk  
  191  12:17  Hydralisk x4  
  191  12:18  Queen  
  191  12:21  Hydralisk x2  
  199  12:24  Hydralisk  
  192  12:30  Hydralisk x4  
  192  12:33  Baneling x6  
  192  12:34  Baneling x5  
  192  12:35  Hydralisk x4  
  199  12:43  Hydralisk x4  
  197  12:44  Hydralisk  
  197  12:45  Hydralisk x2  
  197  12:47  Hydralisk  
  197  12:51  Viper  
  186  12:52  Zergling x6  
  186  12:56  Zergling x6  
  190  12:59  Zergling x2  
  190  13:05  Zergling x10  
  193  13:06  Zergling x2  
  193  13:10  Zergling x4  
  194  13:14  Zergling x4  
  194  13:19  Lurker x2  
  198  13:20  Overlord  
  198  13:24  Overlord  
  198  13:30  Overlord  
Tags
 
Add a new tag
Caveats
  • Supply blocks, unpowered buildings, or Contaminate may cause inaccurate times.
  • Supply counts are checked every 10 seconds.